 Dungeon Crawl Stone Soup version 0.30.1-9-gdf580d7c3d (webtiles) character file.

Game seed: 677749997443961276

345 Gabide the Trooper (level 6, -3/34 (47) HPs)
             Began as a Mummy Reaver on Oct 14, 2023.
             Slain by Natasha (6 damage)
             ... on level 3 of the Dungeon.
             The game lasted 00:04:43 (2459 turns).

Gabide the Trooper (Mummy Reaver)                   Turns: 2459, Time: 00:04:43

HP:   -3/34 (47)    AC:  5    Str: 17    XL:     6   Next: 32%
MP:   10/10         EV: 13    Int: 12    God:
Gold: 16            SH:  0    Dex: 17    Spells: 8/11 levels left

rFire   x . .        a - +0 hand axe
rCold   + . .        (no shield)
rNeg    + + +        b - +0 leather armour
rPois   ∞            j - +1 helmet {SInv}
rElec   .            (no cloak)
rCorr   .            (no gloves)
SInv    +            (no boots)
Will    .....        (no amulet)
Stlth   +            i - +6 ring of dexterity
HPRegen 0.25/turn    (no ring)
MPRegen 0.12/turn

%: faith
@: slowed, very heavily drained, very slow
A: cold resistance 1, negative energy resistance 3, torment resistance 2, heat
vulnerability 1, in touch with death 1, no potions, faith
a: no special abilities


You were on level 3 of the Dungeon.
You visited 1 branch of the dungeon, and saw 3 of its levels.

You collected 81 gold pieces.
You spent 65 gold pieces at shops.

Inventory:

Hand Weapons
 a - a +0 hand axe (weapon)
Armour
 b - a +0 leather armour (worn)
 j - a +1 helmet of see invisible (worn)
Jewellery
 i - a +6 ring of dexterity (left hand)
Wands
 e - a wand of digging (5)
Scrolls
 c - a scroll of teleportation
 f - a scroll of amnesia
 g - a scroll of torment
 h - 2 scrolls of identify


   Skills:
 + Level 3.6 Fighting
 + Level 3.2 Axes
 - Level 3.0 Dodging
 - Level 3.0 Spellcasting
 - Level 3.0 Conjurations
 - Level 3.0 Necromancy


You had 8 spell levels left.
You knew the following spells:

 Your Spells              Type           Power      Damage    Failure   Level
a - Kiss of Death         Conj/Necr      52%        2d9       9%          1
b - Momentum Strike       Conj/Tloc      10%        3d8       24%         2

Your spell library contained the following spells:

 Spells                   Type           Power      Damage    Failure   Level
 Hailstorm                Conj/Ice       5%         3d4       43%         3
 Ignite Poison            Fire/Tmut/Pois 1%         N/A       65%         3
 Sticky Flame             Conj/Fire      5%         2d3       85%         4
 Ignition                 Fire           0%         3d3       100%        8


Dungeon Overview and Level Annotations

Branches:
Dungeon (3/15)

Altars:

Shops:
D:1 :   D:2 *?*

Annotations:
D:3 Natasha


Innate Abilities, Weirdness & Mutations

You are immune to poison.
Your flesh is cold resistant. (rC+)
You are immune to negative energy. (rN+++)
You are immune to unholy pain and torment.
You are vulnerable to heat. (rF-)
You are in touch with the powers of death.
You do not drink.
You have a special connection with the divine. (Faith)


Message History

Natasha claws you.
You closely miss Natasha.
Natasha is heavily wounded.
Natasha misses you. Natasha claws you but does no damage.
You barely miss Natasha.
Natasha is heavily wounded.
Natasha closely misses you.
Natasha mumbles some strange words.
You hit Natasha but do no damage.
Natasha is heavily wounded.
You miss the cerulean imp.
The cerulean imp hits you with a +1 spear.
Natasha casts a spell at you. The magic dart hits you!
You hit Natasha.
Natasha is severely wounded.
You hit the cerulean imp but do no damage.
Natasha closely misses you.
The cerulean imp hits you with a +1 spear.
Natasha mumbles some strange words.
The cerulean imp closely misses you.
You closely miss Natasha.
Natasha is severely wounded.
You hit the cerulean imp.
The cerulean imp hits you but does no damage.
Natasha casts a spell at you.
You feel as though you will be slow longer.
Natasha claws you.
The cerulean imp hits you with a +1 spear.
* * * LOW HITPOINT WARNING * * *
The cerulean imp hits you but does no damage.
You closely miss Natasha.
Natasha is severely wounded.
You barely miss the cerulean imp.
The cerulean imp hits you with a +1 spear.
* * * LOW HITPOINT WARNING * * *
Natasha claws you.
* * * LOW HITPOINT WARNING * * *
The cerulean imp misses you. Natasha claws you.
You die...

................#
.......######.#.#
..##!.## #.#.#
..#####
###.#.####... .##
#...........# ##
###.#.#.#####.#
### .........# ..#
###..##.5# #.#
........@# #.#
####.#.#h# #.#
#....5.#
#.########...#.##.
............... .
...#######).... ..
...# #..## #. ####
.. #. #


You could see Natasha (empowered) and 2 cerulean imps.

Vanquished Creatures
  Sigmund (D:1)
  Jessica (D:2)
  Natasha (D:3)
  Terence (D:2)
  A gnoll (D:3)
  4 adders
  A worm (D:3)
  5 ball pythons
  2 endoplasms
  3 giant cockroaches
  6 goblins
  8 hobgoblins
  5 quokkas
  7 bats
  2 frilled lizards
  2 kobolds
  5 rats
55 creatures vanquished.

Notes
Turn   | Place    | Note
-------+----------+-------------------------------------------
     0 | D:1      | Gabide the Mummy Reaver began the quest for the Orb.
     0 | D:1      | Reached XP level 1. HP: 16/16 MP: 4/4
    31 | D:1      | Found Remuamp's Book Shoppe.
   194 | D:1      | Reached XP level 2. HP: 21/22 MP: 5/5
   686 | D:2      | Gained mutation: You are in touch with the powers of death.
                  | [Mummy growth]
   686 | D:2      | Reached XP level 3. HP: 20/26 MP: 4/7
   720 | D:2      | Noticed Sigmund
   739 | D:1      | Killed Sigmund
   740 | D:1      | Reached XP level 4. HP: 4/35 MP: 5/8
   740 | D:1      | Reached XP level 5. HP: 5/41 MP: 5/9
  1036 | D:2      | Found Roysyag's Assorted Antiques.
  1105 | D:2      | Noticed Terence
  1114 | D:2      | Killed Terence
  1241 | D:2      | Found Ishroyd's Magic Scroll Boutique.
  1255 | D:2      | Noticed Jessica
  1265 | D:2      | Killed Jessica
  1266 | D:2      | Reached XP level 6. HP: 33/44 MP: 10/10
  1269 | D:2      | Learned a level 2 spell: Momentum Strike
  1858 | D:2      | Found Jaikor's General Store.
  1862 | D:2      | Bought a scroll of teleportation for 39 gold pieces
  1862 | D:2      | Bought a scroll of identify for 26 gold pieces
  2117 | D:3      | Noticed Natasha
  2126 | D:3      | Killed Natasha
  2447 | D:3      | Noticed Natasha
  2459 | D:3      | Slain by Natasha

Illustrated notes

Levels and vault maps discovered:
D:1:      dpeg_arrival_leaves_temple_mockup, layout_loops_cross, serial_shops,
          shop
D:2:      layout_basic, serial_shops, shop, shop, shop, minmay_split_cup_large,
          uniq_terence, uniq_jessica, uniq_sigmund
D:3:      layout_loops_corners, st_stairs_5, uniq_natasha

Skill      XL: |  1  2  3  4  5 |
---------------+----------------+-----
Spellcasting   | 3 |  3.0
Fighting       | 3 |  3.6
Axes           | 3 |  3.2
Dodging        | 3 |  3.0
Conjurations   | 3 |  3.0
Necromancy     | 2 3 |  3.0

Action                     |  1- 3 |  4- 6 || total
---------------------------+-------+-------++-------
  Melee: Hand axe          |    78 |   119 ||   197
         Punch             |       |     1 ||     1
   Cast: Kiss of Death     |     3 |     3 ||     6
    Use: Scroll            |       |     2 ||     2
   Stab: Sleeping          |       |     1 ||     1
 Armour: Leather armour    |    36 |    37 ||    73
  Dodge: Dodged            |    62 |    99 ||   161
